 Dungeon Crawl Stone Soup version 0.23.2-40-g277498a001 (webtiles) character file.

Game seed: 10721638389719063687

4369 HarlemGrape the Fighter (level 10, -4/85 HPs)
             Began as a Gnoll Wanderer on Oct 22, 2019.
             Was an Elder of Elyvilon.
             Slain by a bullfrog (8 damage)
             ... on level 10 of the Dungeon.
             The game lasted 01:01:50 (9933 turns).

HarlemGrape the Fighter (Gnoll Wanderer)            Turns: 9933, Time: 01:01:50

Health: -4/85      AC:  5    Str: 19    XL:     10   Next: 34%
Magic:  17/17      EV: 16    Int: 15    God:    Elyvilon [****..]
Gold:   393        SH:  0    Dex: 15    Spells: 19/19 levels left

rFire    + . .     SeeInvis .   w - +3 long sword "Boant" {venom, rC+ Int+2}
rCold    . . .     Gourm    .   (no shield)
rNeg     . . .     Faith    .   j - +2 robe {MR+}
rPois    .         Spirit   .   (no helmet)
rElec    .         Reflect  .   (no cloak)
rCorr    .         Harm     .   (no gloves)
MR       ++...                  E - +0 pair of boots
Stlth    ++++......             L - amulet of inaccuracy
HPRegen  0.24/turn              e - ring of fire
MPRegen  0.15/turn              g - ring of protection from magic

@: lethally poisoned (-4 -> -5)
A: distributed training, fangs 1, strong nose
a: Lesser Healing, Heal Other, Purification, Greater Healing, Divine Protection,
Renounce Religion


You were on level 10 of the Dungeon.
You worshipped Elyvilon.
Elyvilon was greatly pleased with you.
You were not hungry.

You visited 2 branches of the dungeon, and saw 11 of its levels.

You collected 549 gold pieces.
You spent 156 gold pieces at shops.

Inventory:

Hand Weapons
 a - a +3 dagger
 w - the +3 long sword "Boant" (weapon) {venom, rC+ Int+2}
   (You found it on level 4 of the Dungeon)

   It poisons the flesh of those it strikes.
   It affects your intelligence (+2).
   It protects you from cold.
 B - a +1 whip of freezing
 J - a +2 falchion of distortion
Missiles
 i - 237 stones (quivered)
Armour
 j - a +2 robe of magic resistance (worn)
 E - a +0 pair of boots (worn)
 M - a +0 ring mail of fire resistance
Magical Staves
 N - an uncursed staff of fire {unknown}
Jewellery
 e - a ring of fire (left hand)
 g - a ring of protection from magic (right hand)
 A - an uncursed ring of ice {unknown}
 F - an uncursed ring of fire
 H - a cursed ring of attention {unknown}
 L - an amulet of inaccuracy (around neck)
Wands
 x - a wand of iceblast (8)
 y - a wand of digging (10)
 C - a wand of polymorph (8)
 D - a wand of flame (37)
Scrolls
 b - a scroll of enchant armour
 c - a scroll of blinking
 d - 7 scrolls of teleportation
 p - 2 scrolls of amnesia
 u - 2 scrolls of fog
 v - a scroll of fear
 z - a scroll of magic mapping
Potions
 h - 5 potions of magic
 k - a potion of degeneration {unknown}
 l - 2 potions of lignification
 m - 2 potions of cancellation {unknown}
 n - 2 potions of mutation
 o - 2 potions of agility
 q - a potion of brilliance {unknown}
 r - 2 potions of flight
 s - a potion of berserk rage {unknown}
 G - a potion of haste {unknown}
Comestibles
 f - 15 rations


   Skills:
 + Level 9.9 Fighting
 + Level 5.8 Short Blades
 + Level 5.1 Long Blades
 + Level 5.1 Axes
 + Level 5.1 Maces & Flails
 + Level 5.1 Polearms
 + Level 5.1 Staves
 + Level 5.1 Slings
 + Level 5.1 Bows
 + Level 5.1 Crossbows
 + Level 5.1 Throwing
 + Level 5.1 Armour
 + Level 6.9 Dodging
 + Level 7.9 Stealth
 + Level 5.1 Shields
 + Level 5.1 Unarmed Combat
 + Level 5.1 Spellcasting
 + Level 4.2 Conjurations
 + Level 4.2 Hexes
 + Level 4.2 Charms
 + Level 4.2 Summonings
 + Level 4.2 Necromancy
 + Level 4.2 Translocations
 + Level 4.2 Transmutations
 + Level 4.2 Fire Magic
 + Level 4.2 Ice Magic
 + Level 4.2 Air Magic
 + Level 4.2 Earth Magic
 + Level 4.2 Poison Magic
 + Level 5.6 Invocations
 + Level 5.1 Evocations


You had 19 spell levels left.
You didn't know any spells.
Your spell library contained the following spells:

 Spells                   Type           Power        Failure   Level  Hunger
 Apportation              Tloc           ###...       2%          1    None
 Confusing Touch          Hex            ###...       2%          1    None
 Summon Butterflies       Summ           ###.....     2%          1    None
 Confuse                  Hex            ###.....     9%          3    ###....
 Gell's Gravitas          Tloc           ###.......   9%          3    ###....
 Lesser Beckoning         Tloc           ###.......   9%          3    ###....
 Tukima's Dance           Hex            ###.....     9%          3    ###....
 Petrify                  Tmut/Erth      ###.....     28%         4    ####...
 Alistair's Intoxication  Tmut/Pois      ###.....     61%         5    ######.
 Metabolic Englaciation   Hex/Ice        ###.......   61%         5    ######.
 Yara's Violent Unravell  Hex/Tmut       ###.......   61%         5    ######.
 Invisibility             Hex            ###.....     99%         6    #######


Dungeon Overview and Level Annotations

Branches:
Dungeon (10/15)            Temple (1/1) D:6            Lair (0/6) D:9
    Orc: D:9-12

Altars:
Ashenzari
Cheibriados
Dithmenos
Elyvilon
Fedhas
Gozag
Hepliaklqana
Kikubaaqudgha
Nemelex Xobeh
Okawaru
Qazlal
Ru
Sif Muna
Trog
Uskayaw
Vehumet
Wu Jian
Xom
Yredelemnul
Zin
The Shining One

Shops:
D:5 [*


Innate Abilities, Weirdness & Mutations

Your experience applies equally to all skills.
You have very sharp teeth.
Your uncanny sense of smell can sniff out nearby items.


Message History

You feel sick.
The orc warrior throws a tomahawk.
The tomahawk closely misses you.
There is a stone staircase leading down here.
The orc warrior throws a tomahawk.
The tomahawk closely misses you.
You climb downwards.
A bullfrog comes into view.
There is a stone staircase leading up here.
A bullfrog is nearby!
You feel sick.
Found a cyan potion.
A bullfrog is nearby!
A bullfrog is nearby!
A bullfrog is nearby!
Okay, then.
You feel sick.
The bullfrog gives a loud, deep croak!
The bullfrog hits you.
* * * LOW HITPOINT WARNING * * *
The bullfrog hits you!
You die...

.......
....!..
.......
.......
.......
####.......
##<.........
#...@F......
#...........
#...........
#.........#.
#.........+
#.........#
#.........#
#.........#


You could see a bullfrog.

Vanquished Creatures
  Pikel (D:8)
  Sigmund (D:4)
  4 hogs (D:7)
  A human (D:7)
  Duvessa (D:6)
  5 orc warriors
  2 ice beasts
  2 sky beasts (D:8)
  A black bear (D:9)
  2 ogres
  2 necrophages
  A centaur (D:8)
  3 bullfrogs
  A gnoll sergeant (D:8)
  Dowan (D:6)
  2 scorpions (D:6)
  2 howler monkeys
  A bullfrog zombie (D:5)
  A crimson imp (D:9)
  3 hounds
  9 orc wizards
  2 orc priests
  3 jellies
  An iguana (D:9)
  10 worker ants
  A killer bee zombie (D:5)
  A hound zombie (D:8)
  A howler monkey skeleton (D:4)
  4 adders
  8 gnolls
  3 shadow imps
  2 oozes
  3 worms
  4 dart slugs
  5 leopard geckos
  24 orcs
  A ball python (D:1)
  9 bats
  A giant cockroach (D:5)
  5 goblins
  A hobgoblin (D:2)
  7 jackals
  2 quokkas (D:4)
  3 frilled lizards
  9 kobolds
  7 rats
163 creatures vanquished.

Vanquished Creatures (collateral kills)
  An orc wizard (D:9)
  2 orcs (D:9)
3 creatures vanquished.

Vanquished Creatures (others)
  A bullfrog (D:8)
  A worker ant (D:8)
2 creatures vanquished.

Grand Total: 168 creatures vanquished

Notes
Turn   | Place    | Note
-------+----------+-------------------------------------------
     0 | D:1      | HarlemGrape the Gnoll Wanderer began the quest for the Orb.
     0 | D:1      | HarlemGrape set off with the following items: a +2 dagger,
                  | a scroll of blinking, a potion of curing, a scroll of
                  | teleportation, a +0 robe, a ration
     0 | D:1      | Reached XP level 1. HP: 26/26 MP: 1/1
    99 | D:1      | Reached XP level 2. HP: 28/33 MP: 2/2
   554 | D:2      | Reached XP level 3. HP: 38/38 MP: 3/3
   710 | D:2      | Reached skill level 1 in Invocations
   819 | D:2      | Reached skill level 1 in Long Blades
   819 | D:2      | Reached skill level 1 in Axes
   819 | D:2      | Reached skill level 1 in Maces & Flails
   819 | D:2      | Reached skill level 1 in Polearms
   819 | D:2      | Reached skill level 1 in Staves
   819 | D:2      | Reached skill level 1 in Slings
   819 | D:2      | Reached skill level 1 in Bows
   819 | D:2      | Reached skill level 1 in Crossbows
   819 | D:2      | Reached skill level 1 in Throwing
   819 | D:2      | Reached skill level 1 in Armour
   819 | D:2      | Reached skill level 1 in Shields
   819 | D:2      | Reached skill level 1 in Unarmed Combat
   819 | D:2      | Reached skill level 1 in Spellcasting
   819 | D:2      | Reached skill level 1 in Evocations
   865 | D:2      | Reached XP level 4. HP: 39/45 MP: 5/5
  1801 | D:3      | Reached skill level 1 in Conjurations
  1801 | D:3      | Reached skill level 1 in Hexes
  1801 | D:3      | Reached skill level 1 in Charms
  1801 | D:3      | Reached skill level 1 in Summonings
  1801 | D:3      | Reached skill level 1 in Necromancy
  1801 | D:3      | Reached skill level 1 in Translocations
  1801 | D:3      | Reached skill level 1 in Transmutations
  1801 | D:3      | Reached skill level 1 in Fire Magic
  1801 | D:3      | Reached skill level 1 in Ice Magic
  1801 | D:3      | Reached skill level 1 in Air Magic
  1801 | D:3      | Reached skill level 1 in Earth Magic
  1801 | D:3      | Reached skill level 1 in Poison Magic
  2289 | D:4      | Reached XP level 5. HP: 51/51 MP: 5/7
  2290 | D:4      | Noticed Sigmund
  2312 | D:4      | Killed Sigmund
  2312 | D:4      | Reached XP level 6. HP: 57/57 MP: 8/8
  2378 | D:4      | Found a white marble altar of Elyvilon.
  2395 | D:4      | Became a worshipper of Elyvilon the Healer
  2585 | D:4      | Reached skill level 5 in Dodging
  2594 | D:4      | Got a translucent long sword
  2659 | D:4      | Found a deep blue altar of Sif Muna.
  2659 | D:4      | Found a hazy altar of Hepliaklqana.
  3053 | D:5      | Entered Level 5 of the Dungeon
  3514 | D:5      | Reached * piety under Elyvilon
  3533 | D:5      | Noticed an orc warrior
  3634 | D:5      | HP: 1/57 [killer bee zombie (6)]
  3926 | D:4      | Identified the cursed +3 long sword "Boant" {venom, rC+
                  | Int+2} (You found it on level 4 of the Dungeon)
  3969 | D:5      | Reached XP level 7. HP: 57/63 MP: 10/10
  4798 | D:6      | Found a staircase to the Ecumenical Temple.
  4804 | Temple   | Entered the Ecumenical Temple
  5188 | D:6      | Reached ** piety under Elyvilon
  5330 | D:6      | Reached skill level 9 in Fighting
  5700 | D:6      | Noticed Duvessa
  5700 | D:6      | Noticed Dowan
  5708 | D:6      | Killed Duvessa
  5708 | D:6      | Reached XP level 8. HP: 47/71 MP: 12/12
  5708 | D:6      | Killed Dowan
  5887 | D:5      | Found Biotir's Mayhem Merchandise.
  5896 | D:5      | Bought a wand of iceblast (9) for 156 gold pieces
  6931 | D:5      | Found Ruhehei's Armour Shoppe.
  7134 | D:7      | HP: 3/71 [orc warrior/+0 long sword (15)]
  7444 | D:7      | Reached XP level 9. HP: 55/76 MP: 14/14
  7650 | D:7      | Reached skill level 5 in Short Blades
  8088 | D:8      | Reached *** piety under Elyvilon
  8363 | D:8      | Noticed Pikel
  8377 | D:8      | Killed Pikel
  8377 | D:8      | Reached skill level 5 in Invocations
  8526 | D:8      | Found a shadowy altar of Dithmenos.
  8557 | D:8      | Reached XP level 10. HP: 84/84 MP: 15/17
  9251 | D:9      | Found a staircase to the Lair.
  9468 | D:9      | Reached skill level 5 in Long Blades
  9468 | D:9      | Reached skill level 5 in Axes
  9468 | D:9      | Reached skill level 5 in Maces & Flails
  9468 | D:9      | Reached skill level 5 in Polearms
  9468 | D:9      | Reached skill level 5 in Staves
  9468 | D:9      | Reached skill level 5 in Slings
  9468 | D:9      | Reached skill level 5 in Bows
  9468 | D:9      | Reached skill level 5 in Crossbows
  9468 | D:9      | Reached skill level 5 in Throwing
  9468 | D:9      | Reached skill level 5 in Armour
  9468 | D:9      | Reached skill level 5 in Shields
  9468 | D:9      | Reached skill level 5 in Unarmed Combat
  9468 | D:9      | Reached skill level 5 in Spellcasting
  9468 | D:9      | Reached skill level 5 in Evocations
  9744 | D:9      | Reached **** piety under Elyvilon
  9926 | D:10     | Entered Level 10 of the Dungeon
  9933 | D:10     | HP: 4/85 [bullfrog (5)]
  9933 | D:10     | Slain by a bullfrog

Skill      XL: |  1  2  3  4  5  6  7  8  9 10 |
---------------+-------------------------------+-----
Stealth        | 6 7 |  7.9
Invocations    | 1 2 3 4 5 |  5.6
Long Blades    | 1 2 3 4 5 |  5.1
Axes           | 1 2 3 4 5 |  5.1
Maces & Flails | 1 2 3 4 5 |  5.1
Polearms       | 1 2 3 4 5 |  5.1
Staves         | 1 2 3 4 5 |  5.1
Slings         | 1 2 3 4 5 |  5.1
Bows           | 1 2 3 4 5 |  5.1
Crossbows      | 1 2 3 4 5 |  5.1
Throwing       | 1 2 3 4 5 |  5.1
Armour         | 1 2 3 4 5 |  5.1
Shields        | 1 2 3 4 5 |  5.1
Unarmed Combat | 1 2 3 4 5 |  5.1
Spellcasting   | 1 2 3 4 5 |  5.1
Evocations     | 1 2 3 4 5 |  5.1
Conjurations   | 1 2 3 4 |  4.2
Hexes          | 1 2 3 4 |  4.2
Charms         | 1 2 3 4 |  4.2
Summonings     | 1 2 3 4 |  4.2
Necromancy     | 1 2 3 4 |  4.2
Translocations | 1 2 3 4 |  4.2
Transmutations | 1 2 3 4 |  4.2
Fire Magic     | 1 2 3 4 |  4.2
Ice Magic      | 1 2 3 4 |  4.2
Air Magic      | 1 2 3 4 |  4.2
Earth Magic    | 1 2 3 4 |  4.2
Poison Magic   | 1 2 3 4 |  4.2
Short Blades   | 3 4 5 |  5.8
Dodging        | 5 6 |  6.9
Fighting       | 9 |  9.9

Action                   |  1- 3 |  4- 6 |  7- 9 | 10-12 || total
-------------------------+-------+-------+-------+-------++-------
Melee: Dagger            |    94 |   128 |   131 |       ||   353
       Bite              |    10 |    18 |    49 |    15 ||    92
       Punch             |       |     1 |     7 |     1 ||     9
       Long sword        |       |       |   167 |    92 ||   259
Throw: Stone             |       |       |     6 |     1 ||     7
Evoke: Wand              |       |       |     1 |       ||     1
  Use: Scroll            |     4 |    13 |     5 |     2 ||    24
       Potion            |       |     7 |     4 |     1 ||    12
 Stab: Sleeping          |     7 |    14 |     6 |     6 ||    33
       Distracted        |       |       |       |     1 ||     1
  Eat: Chunk             |       |     6 |     3 |       ||     9
       Ration            |       |     1 |     4 |     1 ||     6
Armor: Robe              |    19 |    21 |    32 |    11 ||    83
Dodge: Dodged            |    75 |   114 |   196 |    74 ||   459
       Rpst.: Long sword |       |       |    35 |    25 ||    60
